 Dungeon Sprint DCSS version 0.28-a0-771-g91a516d0e7 (webtiles) character file.

Game seed: 525208864013298033

3446 Conn the Arsonist (level 10, -1/62 HPs)
             Began as an Octopode Fire Elementalist on Oct 27, 2021.
             Was an Elder of Sif Muna.
             Slain by a sphinx (6 damage)
             ... in the Dungeon (Sprint II: "The Violet Keep of Menkaure") on Nov 1, 2021.
             The game lasted 00:24:50 (2666 turns).

Conn the Arsonist (Octopode Fire Elementalist)      Turns: 2666, Time: 00:24:50

Health: -1/62      AC:  1    Str:  8    XL:     10   Next: 6%
Magic:  14/22      EV: 15    Int: 20    God:    Sif Muna [****..]
Gold:   501        SH:  0    Dex: 13    Spells: 5/25 levels left

rFire   + . .      SeeInvis +   a - +4 quarterstaff of Uria {elec, Fly rPois rN+ SInv}
rCold   . . .      Faith    .   (shield currently unavailable)
rNeg    + . .      Spirit   .   (helmet restricted)
rPois   +          Reflect  .   (no amulet)
rElec   .          Harm     .   q - ring of protection from fire
rCorr   .          Rampage  .   (no ring)
Will    .....      NoTele   +   (no ring)
Stlth   ++++++....              (no ring)
HPRegen 0.20/turn               (no ring)
MPRegen 0.18/turn               (no ring)
                                (no ring)
                                (no ring)

@: flying
A: almost no armour, amphibious, 8 rings, camouflage 1, gelatinous body 1,
nimble swimmer 1, tentacles
a: Renounce Religion, Channel Magic, Forget Spell, Divine Exegesis


You were in the Dungeon.
You worshipped Sif Muna.
Sif Muna was greatly pleased with you.
You visited 1 branch You collected 1439 gold pieces.
You spent 938 gold pieces at shops.

Inventory:

Hand Weapons
 a - the +4 quarterstaff of Uria (weapon) {elec, Fly rPois rN+ SInv}
   (You bought it in a shop in the Dungeon)

   It occasionally discharges a powerful burst of electricity upon striking a
   foe.
   rPois:     It protects you from poison.
   rN:        It protects you from negative energy.
   SInv:      It lets you see invisible.
   Fly:       It grants you flight.
 c - the +2 long sword "Hidebbap" {vorpal, Stlth+}
   (You bought it in a shop in the Dungeon)

   It inflicts extra damage upon your enemies.
   Stlth:     It makes you more stealthy.
Magical Staves
 s - a staff of poison
Jewellery
 q - a ring of protection from fire (left tentacle)
Scrolls
 e - 2 scrolls of magic mapping
 g - 4 scrolls of identify
 k - 2 scrolls of brand weapon
 p - a scroll of amnesia
Potions
 d - 5 potions of magic
 j - 4 potions of resistance {unknown}
 l - a potion of curing
 n - 3 potions of flight {unknown}
 o - a potion of attraction {unknown}
 r - a potion of mutation {unknown}


   Skills:
 + Level 2.9 Fighting
 + Level 3.1 Long Blades
 + Level 5.5 Dodging
 - Level 8.3 Stealth
 - Level 1.1 Unarmed Combat
 + Level 8.2 Spellcasting
 * Level 9.1 Conjurations
 + Level 1.3 Hexes
 * Level 14.7 Fire Magic
 - Level 3.1 Ice Magic
 - Level 3.2 Air Magic
 - Level 4.0 Poison Magic
 + Level 6.9 Invocations


You had 5 spell levels left.
You knew the following spells:

 Your Spells              Type           Power      Damage    Failure   Level
a - Foxfire               Conj/Fire      100%       2x1d9     1%          1
b - Conjure Flame         Conj/Fire      54%        6-21      1%          3
c - Inner Flame           Hex/Fire       40%        N/A       1%          3
d - Flame Wave            Conj/Fire      54%        3d10      1%          4
e - Scorch                Fire           100%       2d10      1%          2
f - Mephitic Cloud        Conj/Pois/Air  30%        N/A       2%          3
g - Hailstorm             Conj/Ice       32%        3d8       7%          4

Your spell library contained the following spells:

 Spells                   Type           Power      Damage    Failure   Level
 Magic Dart               Conj           100%       1d8       1%          1
 Freeze                   Ice            80%        1d9       2%          1
 Slow                     Hex            52%        N/A       4%          1
 Frozen Ramparts          Ice            40%        1d6       7%          3
 Call Imp                 Summ           8%         N/A       13%         2
 Confusing Touch          Hex            13%        N/A       14%         3
 Vampiric Draining        Necr           4%         2d6       26%         3


Dungeon Overview and Level Annotations

Branches:
Dungeon (1/1)

Altars:
Cheibriados
Dithmenos
Elyvilon
Fedhas
Gozag
Hepliaklqana
Kikubaaqudgha
Makhleb
Nemelex Xobeh
Okawaru
Qazlal
Ru
Sif Muna
Trog
Uskayaw
Vehumet
Wu Jian
Xom
Yredelemnul
Zin
The Shining One
Beogh
Jiyva
Lugonu

Shops:
D :=[[(!*:![:=?*?

Annotations:
D exclusions: obsidian statue and oklob plant, Roxanne


Innate Abilities, Weirdness & Mutations

You cannot wear most types of armour.
You are amphibious.
You can wear up to eight rings at the same time.
Your skin changes colour to match your surroundings (Stealth+).
Your rubbery body absorbs attacks. (AC +1, EV +1)
You are camouflaged near water. (Stealth+)
You have tentacles for arms and can constrict up to eight enemies at once.


Message History

It was a potion of cancellation.
Your magical effects are unravelling.
You feel magically purged.
You feel yourself slow down.
Your hearing returns.
Okay, then.
Casting: Flame Wave (dangerous; 1% risk of failure)
Confirm with . or Enter, or press ? or * to list all spells.
Aiming: Mephitic Cloud (dangerous; 2% risk of failure)
Press: ? - help, Shift-Dir - straight line, f - sphinx
Aim: a sphinx (moderately wounded, chance to affect: 24%)
The ball explodes into a vile cloud!
The stinking cloud engulfs the sphinx but does no damage.
The sphinx is moderately wounded.
The sphinx is engulfed in noxious fumes.
The sphinx casts a spell.
You are confused.
You feel better. The sphinx closely misses you. The sphinx hits you!
The sphinx misses you.
Casting: Mephitic Cloud (dangerous; 2% risk of failure)
Confirm with . or Enter, or press ? or * to list all spells.
Aiming: Mephitic Cloud (dangerous; 2% risk of failure)
Press: ? - help, Shift-Dir - straight line, f/p - sphinx
Aim: a sphinx (moderately wounded, chance to affect: 24%)
The ball explodes into a vile cloud!
The stinking cloud engulfs the sphinx but does no damage.
The sphinx is moderately wounded.
The stinking cloud engulfs you but does no damage.
The sphinx is engulfed in noxious fumes.
The sphinx appears confused.
The sphinx barely misses you. The sphinx completely misses you.
The sphinx hits you.
Casting: Mephitic Cloud (dangerous; 2% risk of failure)
Confirm with . or Enter, or press ? or * to list all spells.
Flames lash the sphinx.
The sphinx is moderately wounded.
The sphinx's fire resistance burns away.
The sphinx is engulfed in noxious fumes.
The sphinx hits you!
* * * LOW HITPOINT WARNING * * *
The sphinx hits you.
You die...

+#+++#≈≈≈§≈§§≈≈#_._._._.#≈≈§≈≈≈'.
§§§≈ ##≈§≈###§≈#._._._._#§§§≈≈§#.
..≈≈.≈##≈§# #§§#_._._._.#§§§§≈≈▓.
≈8§§...+≈≈#+#≈§#..._._._#§§≈§▓▓▓▓
≈§≈≈≈.##≈§≈§§§≈##########≈H§§▓z..
≈.≈≈.## #######≈°≈≈≈≈≈≈§≈§§≈▓z..
#+#### §≈§§###☼########≈▓▓▓▓▓▓▓
§○§§S##H# #▓▓ ≈≈≈≈SS+@# §≈≈≈≈####
§≈≈≈# ####


You could see a sphinx (confused, combustible) and a lava snake.

Vanquished Creatures
  2 deep trolls (D)
  A yaktaur (D)
  3 polar bears (D)
  A hornet (D)
  2 wyverns (D)
  Menkaure (D)
  4 water moccasins (D)
  4 necrophages (D)
  5 scorpions (D)
  3 worms (D)
  2 tentacles (D)
28 creatures vanquished.

Vanquished Creatures (others)
  56 foxfires (D)
  35 tentacles (D)
91 creatures vanquished.

Grand Total: 119 creatures vanquished

Notes
Turn   | Place    | Note
-------+----------+-------------------------------------------
     0 | D        | Conn the Octopode Fire Elementalist began the quest for the
                  | Orb.
     0 | D        | Reached XP level 1. HP: 11/11 MP: 3/3
     1 | D        | Noticed a scorpion
     1 | D        | Noticed a scorpion
     1 | D        | Noticed a scorpion
     1 | D        | Noticed a scorpion
     8 | D        | Killed a scorpion
     9 | D        | Reached skill level 1 in Unarmed Combat
     9 | D        | Reached skill level 6 in Fire Magic
     9 | D        | Reached XP level 2. HP: 17/17 MP: 3/6
     9 | D        | Reached XP level 3. HP: 21/21 MP: 4/8
     9 | D        | Reached XP level 4. HP: 27/27 MP: 4/9
    12 | D        | Killed a scorpion
    13 | D        | Reached skill level 7 in Fire Magic
    13 | D        | Reached XP level 5. HP: 31/31 MP: 4/10
    18 | D        | Reached skill level 8 in Fire Magic
    21 | D        | Reached skill level 5 in Stealth
    21 | D        | Reached skill level 9 in Fire Magic
    21 | D        | Reached XP level 6. HP: 31/36 MP: 4/12
    32 | D        | Learned a level 3 spell: Conjure Flame
    36 | D        | Learned a level 3 spell: Inner Flame
    41 | D        | Learned a level 4 spell: Flame Wave
    44 | D        | Learned a level 2 spell: Scorch
    50 | D        | Found Quinwaff's Assorted Antiques.
    50 | D        | Found Atasof's Distillery.
    50 | D        | Found Saca's Book Emporium.
    50 | D        | Found Jabont's General Store.
    50 | D        | Found Sutiudghiecs's Book Shoppe.
    50 | D        | Found Cedit's Distillery.
    51 | D        | Found Voegim's Antique Armour Shoppe.
    51 | D        | Found Xuolidaw's Magic Scroll Shoppe.
    51 | D        | Found Douras's Magic Scroll Shoppe.
    51 | D        | Found Hovo Guf's Antique Armour Emporium.
    52 | D        | Found Dinosh's Antique Armour Shoppe.
    52 | D        | Found Cocseun's Jewellery Emporium.
    53 | D        | Found Jounk's Jewellery Shoppe.
    53 | D        | Found Qaidgh's Antique Weapon Emporium.
    53 | D        | Noticed a redback
    54 | D        | Noticed Menkaure
    54 | D        | Noticed a redback
    54 | D        | Noticed an oklob plant
    55 | D        | Found Opsoteg's Book Shoppe.
    57 | D        | Noticed a manticore
    57 | D        | Noticed a manticore
    57 | D        | Noticed a manticore
    59 | D        | Noticed a cane toad
    60 | D        | Bought an ichor-stained long sword for 195 gold pieces
    60 | D        | Identified the +2 long sword "Hidebbap" {vorpal, Stlth+}
                  | (You bought it in a shop in the Dungeon)
    82 | D        | Killed Menkaure
    83 | D        | Reached skill level 5 in Spellcasting
    83 | D        | Reached skill level 10 in Fire Magic
    94 | D        | Identified Roxanne's Handbook of Transformation
    94 | D        | Noticed Roxanne
    97 | D        | Noticed a water moccasin
   103 | D        | Killed a water moccasin
   104 | D        | Reached skill level 11 in Fire Magic
   108 | D        | Found a stormy altar of Qazlal.
   108 | D        | Found an ornate altar of the Wu Jian Council.
   109 | D        | Found a hazy altar of Hepliaklqana.
   109 | D        | Found a sacrificial altar of Ru.
   110 | D        | Found a viscous altar of Jiyva.
   110 | D        | Found a shimmering blue altar of Sif Muna.
   111 | D        | Found a snail-covered altar of Cheibriados.
   111 | D        | Found an ancient bone altar of Kikubaaqudgha.
   111 | D        | Found a shimmering altar of Xom.
   111 | D        | Found a bloodstained altar of Trog.
   112 | D        | Found a shadowy altar of Dithmenos.
   112 | D        | Found a corrupted altar of Lugonu.
   113 | D        | Found a white marble altar of Elyvilon.
   113 | D        | Found a burning altar of Makhleb.
   114 | D        | Found a blossoming altar of Fedhas.
   116 | D        | Found an opulent altar of Gozag.
   116 | D        | Found a glowing golden altar of the Shining One.
   116 | D        | Found a basalt altar of Yredelemnul.
   116 | D        | Found a hide-covered altar of Uskayaw.
   116 | D        | Found a sparkling altar of Nemelex Xobeh.
   117 | D        | Found a glowing silver altar of Zin.
   117 | D        | Found a radiant altar of Vehumet.
   117 | D        | Found an iron altar of Okawaru.
   120 | D        | Noticed a water moccasin
   123 | D        | Became a worshipper of Sif Muna the Loreminder
   138 | D        | Noticed a wyvern
   381 | D        | Noticed an obsidian statue
   404 | D        | Reached * piety under Sif Muna
   425 | D        | Noticed a necrophage
   425 | D        | Noticed a necrophage
   425 | D        | Noticed a necrophage
   425 | D        | Noticed a necrophage
   430 | D        | Killed a necrophage
   431 | D        | Reached XP level 7. HP: 40/42 MP: 3/14
   432 | D        | Reached skill level 5 in Conjurations
   432 | D        | Reached skill level 12 in Fire Magic
   434 | D        | Reached ** piety under Sif Muna
   435 | D        | Reached skill level 1 in Fighting
   435 | D        | Reached skill level 1 in Long Blades
   435 | D        | Reached skill level 1 in Invocations
   533 | D        | Noticed a wyvern
   536 | D        | Killed a wyvern
   537 | D        | Reached skill level 5 in Dodging
   537 | D        | Reached XP level 8. HP: 15/48 MP: 8/17
   537 | D        | Killed a wyvern
   538 | D        | Reached skill level 13 in Fire Magic
   625 | D        | Upgraded the game from 0.28-a0-724-g66f9036eb4 to
                  | 0.28-a0-771-g91a516d0e7
   657 | D        | Bought the +4 quarterstaff of Uria {elec, Fly rPois rN+
                  | SInv} for 568 gold pieces
   662 | D        | Bought a potion of heal wounds for 70 gold pieces
   666 | D        | Bought a scroll of blinking for 105 gold pieces
   680 | D        | Reached *** piety under Sif Muna
   704 | D        | Noticed a polar bear
   705 | D        | Noticed a hornet
   707 | D        | Noticed a yaktaur
   717 | D        | Killed a polar bear
   724 | D        | Noticed a flying skull
   724 | D        | Noticed a flying skull
   744 | D        | Killed a hornet
   854 | D        | Noticed a polar bear
   854 | D        | Noticed a polar bear
   865 | D        | Killed a yaktaur
   866 | D        | Reached skill level 14 in Fire Magic
   866 | D        | Reached skill level 5 in Invocations
   866 | D        | Reached XP level 9. HP: 32/54 MP: 10/19
   867 | D        | Killed a polar bear
   867 | D        | Reached **** piety under Sif Muna
   869 | D        | Killed a polar bear
   870 | D        | Reached skill level 1 in Hexes
  1080 | D        | Noticed a kraken
  1214 | D        | Learned a level 3 spell: Mephitic Cloud
  1219 | D        | Learned a level 4 spell: Hailstorm
  2266 | D        | Reached skill level 1 in Ice Magic
  2266 | D        | Reached skill level 1 in Air Magic
  2266 | D        | Reached skill level 1 in Poison Magic
  2349 | D        | Noticed a deep troll
  2349 | D        | Noticed a deep troll
  2357 | D        | Killed a deep troll
  2378 | D        | Killed a deep troll
  2379 | D        | Reached XP level 10. HP: 16/62 MP: 7/22
  2633 | D        | Noticed a sphinx
  2633 | D        | Noticed a sphinx
  2666 | D        | Slain by a sphinx

Illustrated notes

Levels and vault maps discovered:
D:        the_violet_keep_of_menkaure [sprint2_stairs_cluster_1,
          sprint2_shoproom, sprint2_temple, sprint2_basic_supplies,
          sprint2_obstacle_6, sprint2_obstacle_5, sprint2_obstacle_3,
          sprint2_obstacle_2, sprint2_obstacle_1, sprint2_timed_cluster_1,
          sprint2_smallroom_cluster_1, sprint2_smallroom_final_cluster_1,
          sprint2_transparent_cluster_1, sprint2_second_timed_cluster_1,
          sprint2_sniper_area_1, sprint2_heavy_combat_area_1,
          sprint2_mutation_trap_area_1, sprint2_forest_area_1,
          sprint2_light_combat_area_1, sprint2_behind_water_1,
          sprint2_near_end_vault_1]

Skill      XL: |  1  2  3  4  5  6  7  8  9 |
---------------+----------------------------+-----
Dodging        | 3 4 5 |  5.5
Stealth        | 4 5 6 7 8 |  8.3
Unarmed Combat | 1 |  1.1
Spellcasting   | 3 4 5 6 7 8 |  8.2
Fire Magic     | 6 7 9 11 12 14 | 14.7
Conjurations   | 2 3 4 5 7 9 |  9.1
Fighting       | 1 2 |  2.9
Long Blades    | 1 2 3 |  3.1
Invocations    | 2 5 6 |  6.9
Hexes          | 1 |  1.3
Ice Magic      | 3 |  3.1
Air Magic      | 3 |  3.2
Poison Magic   | 4 |  4.0

Action                   |  1- 3 |  4- 6 |  7- 9 | 10-12 || total
-------------------------+-------+-------+-------+-------++-------
Melee: Unarmed           |     5 |    12 |       |       ||    17
       Constrict         |     1 |     6 |     1 |       ||     8
       Tentacles         |     1 |     4 |     2 |       ||     7
       Long sword        |       |     9 |     5 |       ||    14
       Quarterstaff      |       |       |     3 |       ||     3
 Cast: Foxfire           |       |     9 |    26 |       ||    35
       Flame Wave        |       |     2 |     8 |     1 ||    11
       Scorch            |       |       |     3 |     2 ||     5
       Inner Flame       |       |       |     7 |       ||     7
       Conjure Flame     |       |       |     1 |       ||     1
       Mephitic Cloud    |       |       |    22 |     8 ||    30
Invok: Channel Magic     |       |       |       |     1 ||     1
  Use: Potion            |     2 |     1 |     4 |     4 ||    11
       Scroll            |       |       |     2 |     5 ||     7
 Stab: Sleeping          |       |     2 |     1 |       ||     3
       Confused          |       |       |     1 |       ||     1
Armor: Skin              |       |       |     1 |       ||     1
Dodge: Dodged            |     3 |    11 |    25 |     9 ||    48

Table legend: (Time is in decaauts)
 A = Elapsed time spent in this place.
 B = Non-inter-level travel time spent in this place.
 C = Inter-level travel time spent in this place.
 D = Time resting spent in this place.
 E = Time spent auto-exploring this place.
 F = Levels seen in this place.
 G = Mean time per level.
                   A        B        C        D        E       F      G
               +--------+--------+--------+--------+--------+-----+--------+
         Total |   2671 |   2671 |      0 |   1877 |      0 |   1 | 2671.0 |
       Dungeon |   2671 |   2671 |      0 |   1877 |      0 |   1 | 2671.0 |
               +--------+--------+--------+--------+--------+-----+--------+

Top non-repeatable levels by time:
       D: 2671 daAuts
